 Dungeon Crawl Stone Soup version 0.17.0-28-g6e173f8 (webtiles) character file.

871 Larett the Skirmisher (level 8, -3/70 HPs)
             Began as a Hill Orc Fighter on Nov 29, 2015.
             Was a Follower of Beogh.
             Slain by a slave (6 damage)
             ... led by Pikel
             ... in the Ecumenical Temple.
             The game lasted 00:14:08 (4822 turns).

Larett the Skirmisher (Hill Orc Fighter)            Turns: 4822, Time: 00:14:08

Health: -3/70      AC: 10    Str: 21    XL:     8   Next: 3%
Magic:  8/8        EV: 10    Int:  8    God:    Beogh [*.....]
Gold:   161        SH:  0    Dex: 10    Spells: 0 memorised, 7 levels left

rFire  + . .     SeeInvis .     a - +2 dagger (venom)
rCold  . . .     Clarity  .     N - +2 ring mail {MR+}
rNeg   . . .     SustAt   .     (no shield)
rPois  .         Gourm    .     (no helmet)
rElec  .         Spirit   .     i - +0 cloak
rCorr  .         Warding  .     (no gloves)
rMut   .         Stasis   .     (no boots)
MR     +....                    (no amulet)
Stlth  ..........               C - ring of invisibility
                                B - ring of protection from fire

@: lethally poisoned (-3 -> -4), somewhat resistant to hostile enchantments,
extremely unstealthy
A: no striking features
a: Renounce Religion, Evoke Invisibility


You were in the Ecumenical Temple.
You worshipped Beogh.
Beogh was aware of your devotion.
You were not hungry.

You visited 2 branches of the dungeon, and saw 6 of its levels.

You collected 161 gold pieces.

Inventory:

Hand Weapons
 a - a +2 dagger of venom (weapon)
 b - a +4 quarterstaff of chaos
 z - a +0 hunting sling
Missiles
 f - 132 stones (quivered)
 g - 13 silver sling bullets
 j - 4 needles of sleeping
 k - 7 javelins
 p - 91 sling bullets
 w - 39 arrows
 F - 2 tomahawks
 K - 18 bolts
Armour
 c - a +0 shield
 i - a +0 cloak (worn)
 t - a +0 plate armour
 N - a +2 ring mail of magic resistance (worn)
Jewellery
 B - a ring of protection from fire (left hand)
 C - a ring of invisibility (right hand)
Wands
 y - a wand of confusion (0)
 O - a wand of teleportation (5)
Scrolls
 d - a scroll of recharging {unknown}
 l - a scroll of blinking
 m - a scroll of amnesia {unknown}
 o - 2 scrolls of magic mapping {unknown}
 r - 5 scrolls of identify {unknown}
 s - 2 scrolls of immolation
 E - a scroll of remove curse
 H - a scroll of teleportation {unknown}
 L - 2 scrolls of enchant armour {unknown}
Potions
 n - a potion of lignification {unknown}
 x - a potion of heal wounds {unknown}
 D - 2 potions of cure mutation
 I - a potion of poison {unknown}
Comestibles
 e - 6 bread rations
 q - 2 beef jerkies
 u - a fruit
 v - 2 meat rations
 J - a royal jelly
 M - a chunk of flesh


   Skills:
 - Level 6.1 Fighting
   Level 2.6 Axes
 + Level 5.7 Staves
 - Level 5.7 Armour
 - Level 3.2 Shields


You had 7 spell levels left.
You didn't know any spells.

Dungeon Overview and Level Annotations

Branches:
Dungeon (5/15)             Temple (1/1) D:5

Altars:
Ashenzari
Nemelex Xobeh
Okawaru
Yredelemnul
Zin
The Shining One

Annotations:
D:5 Pikel


Message History

You feel sick.
There is a staircase to the Ecumenical Temple here.
The slave hits you but does no damage.
Pikel zaps a wand.
Some rock shatters into small pieces.
It is a wand of digging.
You climb downwards.
Welcome to the Ecumenical Temple!
There is a staircase back to the Dungeon here.
You hit the slave but do no damage.
The slave is poisoned.
You feel sick. The slave closely misses you.
You closely miss the slave. The slave hits you.
* * * LOW HITPOINT WARNING * * *
You hit the slave.
The slave looks even sicker.
The slave is lightly wounded.
The slave misses you.
You closely miss the slave.
The slave is lightly wounded.
The slave hits you.
* * * LOW HITPOINT WARNING * * *
You feel sick. The slave hits you.
You die...

≈≈≈≈≈≈≈≈≈.....≈≈≈.
.....≈≈≈≈≈....≈≈≈≈..
.........≈....≈≈≈...
≈≈≈≈≈........≈≈≈....
≈≈.........≈≈≈......
.......)<........≈≈≈
...≈≈≈.........≈≈≈≈≈
.≈≈≈.......p≈≈≈≈≈≈..
≈≈≈....≈....@.......
≈≈≈....≈≈≈≈≈........
≈≈≈.....≈≈≈≈≈≈≈≈≈...
≈≈≈≈......≈≈≈≈≈≈≈≈≈≈
##≈≈≈.......≈≈≈#####
##≈≈≈.._..≈≈≈##
#≈≈≈...≈≈≈##
#≈≈≈.≈≈≈##


You could see a slave.

Vanquished Creatures
  An ogre (D:4)
  3 phantoms (D:4)
  A giant frog (D:4)
  3 orc wizards
  Crazy Yiuf (D:2)
  Jessica (D:2)
  2 iguanas
  Natasha (thrice) (D:2)
  A worker ant (D:4)
  8 adders
  2 oozes
  8 worms
  2 giant geckos
  8 orcs
  A ball python (D:3)
  16 bats
  2 giant cockroaches
  8 goblins
  14 hobgoblins
  5 jackals
  9 kobolds
  4 giant newts
  A jackal skeleton (D:4)
  A quokka skeleton (D:4)
  7 rats
  A spectral orc (D:2)
113 creatures vanquished.

Vanquished Creatures (collateral kills)
  A giant newt (D:2)
1 creature vanquished.

Vanquished Creatures (others)
  An orc priest (D:3)
  4 goblins (D:3)
  A kobold (D:3)
6 creatures vanquished.

Grand Total: 120 creatures vanquished

Notes
Turn   | Place    | Note
--------------------------------------------------------------
     0 | D:1      | Larett the Hill Orc Fighter began the quest for the Orb.
     0 | D:1      | Reached XP level 1. HP: 19/19 MP: 1/1
    80 | D:1      | Reached skill level 4 in Fighting
   156 | D:1      | Reached XP level 2. HP: 21/27 MP: 2/2
   687 | D:1      | Reached XP level 3. HP: 35/35 MP: 3/3
   709 | D:1      | Reached skill level 5 in Fighting
  1094 | D:2      | Noticed Jessica
  1095 | D:2      | Killed Jessica
  1095 | D:2      | Reached XP level 4. HP: 42/44 MP: 4/4
  1226 | D:2      | Reached skill level 6 in Fighting
  1471 | D:2      | Found a basalt altar of Yredelemnul.
  1799 | D:2      | Noticed Natasha
  1821 | D:2      | Killed Natasha
  1821 | D:2      | Reached XP level 5. HP: 5/50 MP: 5/5
  2147 | D:2      | Noticed Crazy Yiuf
  2153 | D:2      | Killed Crazy Yiuf
  2363 | D:2      | Noticed Natasha
  2377 | D:2      | Killed Natasha
  2388 | D:2      | Noticed Natasha
  2404 | D:2      | Killed Natasha
  2720 | D:2      | Found a sparkling altar of Nemelex Xobeh.
  2781 | D:2      | Gained mutation: You are frail (-10% HP). [potion of mutation]
  2781 | D:2      | Gained mutation: You are weak. (Str -2) [potion of mutation]
  2781 | D:2      | Gained mutation: Your flesh is cold resistant. [potion of mutation]
  2848 | D:3      | Noticed Terence
  2860 | D:3      | Noticed Terence
  2860 | D:3      | Terence changed into Terence the iguana
  2862 | D:3      | Killed Terence the iguana
  2862 | D:3      | Reached skill level 5 in Armour
  2886 | D:3      | Became a worshipper of Beogh the Brigand
  2913 | D:3      | Reached XP level 6. HP: 34/51 MP: 6/6
  3183 | D:3      | Found a glowing silver altar of Zin.
  3188 | D:3      | Reached skill level 1 in Staves
  3348 | D:3      | Reached * piety under Beogh
  3467 | D:4      | Found an iron altar of Okawaru.
  3532 | D:4      | Found a shattered altar of Ashenzari.
  3541 | D:4      | Reached XP level 7. HP: 56/56 MP: 7/7
  4273 | D:4      | Reached skill level 5 in Staves
  4597 | D:5      | Entered Level 5 of the Dungeon
  4631 | D:5      | Reached XP level 8. HP: 41/63 MP: 8/8
  4765 | D:5      | Found a staircase to the Ecumenical Temple.
  4773 | Temple   | Entered the Ecumenical Temple
  4778 | Temple   | Lost mutation: You are frail (-10% HP). [potion of cure mutation]
  4778 | Temple   | Lost mutation: You are weak. (Str -2) [potion of cure mutation]
  4778 | Temple   | Lost mutation: Your flesh is cold resistant. [potion of cure mutation]
  4792 | D:5      | Noticed Pikel
  4818 | Temple   | HP: 3/70 [slave[Pikel] (5)]
  4822 | Temple   | Slain by a slave

Action                   |  1- 3 |  4- 6 |  7- 9 || total
-------------------------+-------+-------+-------++-------
Melee: War axe           |   113 |    88 |       ||   201
       Quarterstaff      |       |   112 |    37 ||   149
       Dagger            |       |       |    77 ||    77
Invok: Convert to Beogh  |       |     1 |       ||     1
  Use: Potion            |       |     6 |     1 ||     7
       Scroll            |       |     4 |     2 ||     6
 Stab: Paralysed         |       |     6 |     1 ||     7
  Eat: Chunk             |     1 |     7 |     4 ||    12
       Fruit             |       |     1 |     1 ||     2
